 Dungeon Crawl Stone Soup version 0.30.1-11-g7821555f0a (webtiles) character file.

Game seed: 14183122960363353349

397 potatawarrior the Trooper (level 6, -6/66 HPs)
             Began as an Ogre Cinder Acolyte on Nov 22, 2023.
             Was an Initiate of Ignis.
             Mangled by Edmund
             ... wielding a +1 heavy dire flail
              (9 damage)
             ... on level 4 of the Dungeon on Nov 23, 2023.
             The game lasted 00:45:55 (2130 turns).

potatawarrior the Trooper (Ogre Cinder Acolyte)     Turns: 2130, Time: 00:45:56

Health: -6/66      AC:  4    Str: 19    XL:     6   Next: 83%
Magic:  6/9        EV:  9    Int: 15    God:    Ignis [......]
Gold:   382        SH:  0    Dex:  4    Spells: 8/10 levels left

rFire   + + .        a - -1 spear (flame)
rCold   + . .        (no shield)
rNeg    . . .        b - +0 robe
rPois   .            (helmet restricted)
rElec   .            A - scarf {rC+ rF+}
rCorr   .            (gloves unavailable)
SInv    .            (boots unavailable)
Will    +....        (no amulet)
Stlth   +            d - ring of willpower
HPRegen 0.31/turn    (no ring)
MPRegen 0.11/turn

%: no passive effects
@: flying
A: large, unfitting armour, tough skin 1, iridescent scales 1, deformed body,
screaming 1, weak 1
a: Renounce Religion, Rising Flame


You were on level 4 of the Dungeon.
You worshipped Ignis.
Ignis was noncommittal.
You visited 1 branch of the dungeon, and saw 4 of its levels.
You also visited: Ossuary.

You collected 382 gold pieces.

Inventory:

Hand Weapons
 a - a -1 spear of flaming (weapon)
 f - a +1 dagger of pain
 o - the +0 hand axe of Gyaps {elec, Int+4}
   (You found it on level 4 of the Dungeon)

   Int:       It affects your intelligence (+4).
 D - a +0 rapier
Missiles
 c - 15 stones (quivered)
 m - 2 datura-tipped darts
 q - 3 large rocks
Armour
 b - a +0 robe (worn)
 u - a +0 robe
 A - a scarf of resistance (worn)
Magical Staves
 h - a staff of death
Jewellery
 d - a ring of willpower (left hand)
 l - a ring of resist corrosion
Wands
 p - a wand of acid (13)
Scrolls
 i - a scroll of enchant armour {unknown}
 n - a scroll of torment {unknown}
 t - a scroll of enchant weapon {unknown}
 x - a scroll of teleportation {unknown}
 y - 3 scrolls of identify {unknown}
 C - a scroll of amnesia {unknown}
Potions
 e - a potion of heal wounds
 g - 3 potions of degeneration {unknown}
 j - a potion of haste
 k - 2 potions of flight
 r - a potion of resistance {unknown}
 s - a potion of ambrosia {unknown}
 v - a potion of brilliance {unknown}
 w - 2 potions of curing {unknown}
 z - 2 potions of invisibility {unknown}
 B - a potion of magic {unknown}


   Skills:
 + Level 5.2 Fighting
 + Level 4.6 Polearms
 + Level 1.6 Throwing
 + Level 2.1 Dodging
 + Level 0.1 Stealth
 + Level 2.5 Spellcasting
 + Level 3.9 Fire Magic


You had 8 spell levels left.
You knew the following spells:

 Your Spells              Type           Power      Damage    Failure   Level
a - Scorch                Fire           26%        2d6       6%          2

Your spell library contained the following spells:

 Spells                   Type           Power      Damage    Failure   Level
 Sublimation of Blood     Necr           1%         N/A       32%         2
 Petrify                  Tmut/Erth      1%         N/A       91%         4
 Irradiate                Conj/Tmut      0%         3d11      99%         5


Dungeon Overview and Level Annotations

Branches:
Dungeon (4/15)            Ossuary (visited)
 Temple: D:4-7

Altars:

Annotations:
D:4 Edmund


Innate Abilities, Weirdness & Mutations

You are too large for most types of armour.
You have tough skin. (AC +1)
You are partially covered in iridescent scales. (AC +2)
Armour fits poorly on your strangely shaped body.
You occasionally shout uncontrollably at your foes.
You are weak. (Str -2)


Message History

You open the door. You open the door.
There is an open door here.
As you open the door, it creaks loudly!
Edmund the Younger comes into view.
He is wielding a +1 heavy dire flail and wearing a +8 chain mail of ponderousness.
Edmund shouts!
Edmund says, "You wouldn't believe how much I paid for this flail."
Edmund drinks a potion.
Edmund seems to speed up.
Reach: a) -1 spear (flame)
Press: ? - help, Dir - move target, f - Edmund
Aim: Edmund, wielding a +1 heavy dire flail and wearing a +8 chain mail of ponderousness (fast, about 35% to evade your -1 spear of flaming)
Your weapon can't reach that far!
Okay, then.
Press: ? - help, v - describe, . - travel
Here: Edmund, wielding a +1 heavy dire flail and wearing a +8 chain mail of ponderousness (fast)
The floor.
As you close the door, it creaks loudly!
Edmund opens the door.
Casting: Scorch (safe; 6% risk of failure)
Confirm with . or Enter, or press ? or * to list all spells.
Flames lash Edmund but do no damage.
Edmund hits you with a +1 heavy dire flail.
There is an open door here.
Edmund attacks as you move away!
Edmund hits you with a +1 heavy dire flail!
Casting: Scorch (safe; 6% risk of failure)
Confirm with . or Enter, or press ? or * to list all spells.
Flames lash Edmund but do no damage.
Edmund hits you with a +1 heavy dire flail!!
Edmund hits you with a +1 heavy dire flail!!
* * * LOW HITPOINT WARNING * * *
Edmund says, "A flail is better than a scythe, any day of the week!"
Edmund attacks as you move away!
Edmund hits you with a +1 heavy dire flail!
* * * LOW HITPOINT WARNING * * *
It was a potion of flight.
You feel very buoyant.
You fly up into the air.
Edmund hits you with a +1 heavy dire flail!
You die...

#.# #..#.... #.# #.....#. #####
#####'## # ..##.#.. ....#
#......##.# ......... ....#####
#......'..# .###..... ....'...#
#......#### #..... ....###.#
#......#### +.. #.#... ....#...#
####.@....###...#..... ......###
#.@....#.....###.#. ......#######
#......#.#.#.#.#.#.
............###......+.#...#.....
#########....[.......#.......###.
#.......................####
#......).###.........w......
#........#.#......>....#####
##......###.###....#+####
#.......#.....#.####


You could see Edmund (fast).

Vanquished Creatures
  Duvessa (D:4)
  Dowan (D:4)
  A hound (D:4)
  A sleepcap (D:4)
  8 mummies (Ossuary)
  3 adders
  3 worms
  2 dart slugs
  2 ball pythons
  5 bats
  6 endoplasms
  3 giant cockroaches (D:1)
  2 gnoll zombies (Ossuary)
  6 goblins
  2 hobgoblins
  6 kobolds
  A quokka (D:1)
  A frilled lizard (D:1)
  A hobgoblin zombie (Ossuary)
  2 kobold zombies (Ossuary)
  3 orc zombies (Ossuary)
  4 rats
64 creatures vanquished.

Vanquished Creatures (others)
  86 foxfires
86 creatures vanquished.

Grand Total: 150 creatures vanquished

Notes
Turn   | Place    | Note
-------+----------+-------------------------------------------
     0 | D:1      | potatawarrior the Ogre Cinder Acolyte began the quest for
                  | the Orb.
     0 | D:1      | Reached XP level 1. HP: 24/24 MP: 2/2
   169 | D:1      | Reached XP level 2. HP: 28/33 MP: 3/3
   266 | D:1      | Learned a level 2 spell: Scorch
   543 | D:2      | Reached XP level 3. HP: 34/40 MP: 4/4
  1076 | D:2      | Found a faded altar of an unknown god.
  1190 | D:3      | Reached XP level 4. HP: 47/49 MP: 6/6
  1304 | D:3      | You fall into a shaft and drop 1 floor!
  1316 | D:4      | Identified the +0 hand axe of Gyaps {elec, Int+4}
  1355 | D:4      | Reached skill level 5 in Fighting
  1355 | D:4      | Reached skill level 1 in Dodging
  1384 | D:4      | Found a sand-covered staircase.
  1391 | Ossuary  | Entered an ossuary
  1416 | Ossuary  | Reached skill level 1 in Throwing
  1417 | Ossuary  | Reached XP level 5. HP: 27/57 MP: 2/7
  1672 | D:4      | Reached XP level 6. HP: 57/66 MP: 3/8
  1903 | D:4      | Noticed Dowan
  1906 | D:4      | Noticed Duvessa
  1921 | D:4      | Gained mutation: You occasionally shout uncontrollably at
                  | your foes. [potion of mutation]
  1921 | D:4      | Gained mutation: You are weak. (Str -2) [potion of
                  | mutation]
  1921 | D:4      | Gained mutation: Armour fits poorly on your strangely
                  | shaped body. [potion of mutation]
  1921 | D:4      | Gained mutation: You are partially covered in iridescent
                  | scales. (AC +2) [potion of mutation]
  1934 | D:4      | Killed Duvessa
  1948 | D:4      | Killed Dowan
  2117 | D:4      | Noticed Edmund
  2129 | D:4      | HP: 2/66 [Edmund/+1 heavy dire flail (17)]
  2130 | D:4      | Mangled by Edmund

Illustrated notes

Levels and vault maps discovered:
D:1:      eino_arrival_druids_welcome, layout_basic
D:2:      layout_loops_ring, chequers_ecumenical_altar_twisty,
          chequers_serial_rivers_room_a
D:3:      layout_rooms, fedhas_altar_4, minmay_misc_feat_alley,
          grunt_ministairs_13, hangedman_decor_clover_reticule
D:4:      layout_basic, lemuel_doored_altar, nicolae_ossuary_entry_plus,
          uniq_edmund, uniq_blork_the_orc, uniq_duvessa

Skill      XL: |  1  2  3  4  5  6 |
---------------+-------------------+-----
Fire Magic     | 3 |  3.9
Fighting       | 5 |  5.2
Dodging        | 1 2 |  2.1
Throwing       | 1 |  1.6
Polearms       | 4 |  4.6
Spellcasting   | 2 |  2.5
Stealth        | |  0.1

Action                     |  1- 3 |  4- 6 || total
---------------------------+-------+-------++-------
  Melee: Spear             |   119 |    58 ||   177
  Throw: Stone             |    27 |     4 ||    31
   Cast: Scorch            |     5 |    22 ||    27
 Invoke: Fiery Armour      |     1 |     1 ||     2
         Foxfire Swarm     |       |     7 ||     7
    Use: Potion            |       |     5 ||     5
 Armour: Robe              |    65 |    12 ||    77
  Dodge: Dodged            |    64 |    34 ||    98
